NYP
LOS ANGELES (NYP) DODGERS @ STATE COLLEGE SPIKES
07/21/2048
 
TOP OF THE 1ST
Hillsboro Hops batting - Pitching for Eugene Emeralds : RHP Bogdan Sdobnyakov
Pitching: RHP Bogdan Sdobnyakov
Batting: RHB Nelson Ozuna 0-0: Ball
1-0: Ball
2-0: Called Strike
2-1: Called Strike
2-2: Foul Ball, location: 2F
2-2: Foul Ball, location: 2F
2-2: Ball
3-2: Strikes out swinging
Batting: RHB Dwane Reed 0-0: Called Strike
0-1: Ground out 6-3 (Groundball, 6M, EV 103.1 MPH)
Batting: RHB Terry Jarrells 0-0: Called Strike
0-1: Ball
1-1: Ground out U3 (Groundball, 34, EV 101.2 MPH)
Top of the 1st over - 0 runs, 0 hits, 0 errors, 0 left on base; Hillsboro 0 - Eugene 0
BOTTOM OF THE 1ST
Eugene Emeralds batting - Pitching for Hillsboro Hops : RHP Ricardo Villar
Pitching: RHP Ricardo Villar
Batting: RHB Hugo Torrez 0-0: Ball
1-0: Called Strike
1-1: Foul Ball, location: 2F
1-2: Foul Ball, location: 2F
1-2: Foul Ball, location: 2F
1-2: Ball
2-2: Foul Ball, location: 2F
2-2: Foul Ball, location: 2F
2-2: Ground out 6-3 (Groundball, 6, EV 93.8 MPH)
Batting: RHB Bill Holmes 0-0: Called Strike
0-1: Ball
1-1: Swinging Strike
1-2: Ball
2-2: Ground out 6-3 (Groundball, 6, EV 103.8 MPH)
Batting: RHB Roy Battist 0-0: Ball
1-0: Ball
2-0: Ball
3-0: Base on Balls
Batting: RHB Taylor Garofalo 0-0: SINGLE (Groundball, 6, EV 94.4 MPH)
Roy Battist to second
Batting: RHB Ryan Bush 0-0: Foul Ball, location: 2F
0-1: Swinging Strike
0-2: Ball
1-2: Strikes out looking
Bottom of the 1st over - 0 runs, 1 hit, 0 errors, 2 left on base; Hillsboro 0 - Eugene 0
TOP OF THE 2ND
Hillsboro Hops batting - Pitching for Eugene Emeralds : RHP Bogdan Sdobnyakov
Batting: RHB Danny Loyola 0-0: Foul Ball, location: 2F
0-1: Ball
1-1: Ball
2-1: Foul Ball, location: 2F
2-2: Strikes out swinging
Batting: RHB Longfellow Wetzler 0-0: Ball
1-0: Fly out, F8 (Flyball, 78XD, EV 83.1 MPH)
Batting: RHB Sean Tanner 0-0: Foul Ball, location: 2F
0-1: Ball
1-1: Ground out U3 (Groundball, 3S, EV 81.2 MPH)
Top of the 2nd over - 0 runs, 0 hits, 0 errors, 0 left on base; Hillsboro 0 - Eugene 0
BOTTOM OF THE 2ND
Eugene Emeralds batting - Pitching for Hillsboro Hops : RHP Ricardo Villar
Batting: RHB Josh Burns 0-0: Ball
1-0: Foul Ball, location: 2F
1-1: Ground out 5-3 (Groundball, 15, EV 80.0 MPH)
Batting: RHB Juan Bonilla 0-0: Ground out 4-3 (Groundball, 4M, EV 85.0 MPH)
Batting: LHB Hiroki Yamamoto 0-0: Ball
1-0: Ball
2-0: Called Strike
2-1: Swinging Strike
2-2: Strikes out looking
Bottom of the 2nd over - 0 runs, 0 hits, 0 errors, 0 left on base; Hillsboro 0 - Eugene 0
TOP OF THE 3RD
Hillsboro Hops batting - Pitching for Eugene Emeralds : RHP Bogdan Sdobnyakov
Batting: RHB Roberto Monzon 0-0: Ball
1-0: Foul Ball, location: 2F
1-1: Called Strike
1-2: Foul Ball, location: 2F
1-2: Ground out 6-3 (Groundball, 6D, EV 85.6 MPH)
Batting: RHB Chris McGrath 0-0: Ground out 5-3 (Groundball, 56, EV 80.0 MPH)
Batting: RHB Ryuki Ogasawara 0-0: SOLO HOME RUN (Flyball, 7D, EV 91.9 MPH), Distance : 353 ft
Batting: RHB Nelson Ozuna 0-0: TRIPLE (Line Drive, 9D, EV 103.8 MPH)
Batting: RHB Dwane Reed 0-0: Called Strike
0-1: Foul Ball, location: 2F
0-2: Strikes out swinging
Top of the 3rd over - 1 run, 2 hits, 0 errors, 1 left on base; Hillsboro 1 - Eugene 0
BOTTOM OF THE 3RD
Eugene Emeralds batting - Pitching for Hillsboro Hops : RHP Ricardo Villar
Batting: RHB Alvaro Romero 0-0: Called Strike
0-1: Foul Ball, location: 2F
0-2: Strikes out swinging
Batting: RHB Hugo Torrez 0-0: Ball
1-0: Ball
2-0: Called Strike
2-1: Ball
3-1: Foul Ball, location: 2F
3-2: Strikes out swinging
Batting: RHB Bill Holmes 0-0: Ball
1-0: Foul Ball, location: 2F
1-1: Called Strike
1-2: Ground out 4-3 (Groundball, 4, EV 90.6 MPH)
Bottom of the 3rd over - 0 runs, 0 hits, 0 errors, 0 left on base; Hillsboro 1 - Eugene 0
TOP OF THE 4TH
Hillsboro Hops batting - Pitching for Eugene Emeralds : RHP Bogdan Sdobnyakov
Batting: RHB Terry Jarrells 0-0: Ball
1-0: Ball
2-0: Called Strike
2-1: Foul Ball, location: 2F
2-2: Foul Ball, location: 2F
2-2: Fly out, F8 (Flyball, 8LD, EV 102.5 MPH)
Batting: RHB Danny Loyola 0-0: Called Strike
0-1: Ball
1-1: Hit by Pitch
Batting: RHB Longfellow Wetzler 0-0: Ball
1-0: Swinging Strike
1-1: Reached on error, E4 (Groundball, 4, EV 82.5 MPH)
Danny Loyola to second
Batting: RHB Sean Tanner 0-0: Foul Ball, location: 2F
0-1: Grounds into double play, 5-4-3 (Groundball, 56S, EV 83.1 MPH)
Top of the 4th over - 0 runs, 0 hits, 1 error, 1 left on base; Hillsboro 1 - Eugene 0
BOTTOM OF THE 4TH
Eugene Emeralds batting - Pitching for Hillsboro Hops : RHP Ricardo Villar
Batting: RHB Roy Battist 0-0: Called Strike
0-1: Called Strike
0-2: Foul Ball, location: 2F
0-2: Strikes out looking
Batting: RHB Taylor Garofalo 0-0: Ball
1-0: Called Strike
1-1: Ground out 1-3 (Groundball, 34S, EV 61.2 MPH)
Batting: RHB Ryan Bush 0-0: Ground out 5-3 (Groundball, 5S, EV 69.4 MPH)
Bottom of the 4th over - 0 runs, 0 hits, 0 errors, 0 left on base; Hillsboro 1 - Eugene 0
TOP OF THE 5TH
Hillsboro Hops batting - Pitching for Eugene Emeralds : RHP Bogdan Sdobnyakov
Pitching: RHP Bobby Almonte
Batting: RHB Roberto Monzon 0-0: Called Strike
0-1: Fly out, F8 (Flyball, 8LM, EV 90.6 MPH)
Batting: RHB Chris McGrath 0-0: Ball
1-0: Foul Ball, location: 2F
1-1: SOLO HOME RUN (Flyball, 7D, EV 99.4 MPH), Distance : 361 ft
Batting: RHB Ryuki Ogasawara 0-0: Foul Ball, location: 2F
0-1: Foul Ball, location: 2F
0-2: Ball
1-2: Ball
2-2: Strikes out looking
Batting: RHB Nelson Ozuna 0-0: SINGLE (Line Drive, 6D, EV 105.0 MPH)
Batting: RHB Dwane Reed 0-0: Called Strike
0-1: Called Strike
Nelson Ozuna steals 2nd base
0-2: Foul Ball, location: 2F
0-2: Foul Ball, location: 2F
0-2: Ball
1-2: Ball
2-2: Ball
3-2: Foul Ball, location: 2F
3-2: Fly out, F8 (Flyball, 78M, EV 93.8 MPH)
Top of the 5th over - 1 run, 2 hits, 0 errors, 1 left on base; Hillsboro 2 - Eugene 0
BOTTOM OF THE 5TH
Eugene Emeralds batting - Pitching for Hillsboro Hops : RHP Ricardo Villar
Batting: RHB Josh Burns 0-0: Ball
1-0: Called Strike
1-1: Ground out 5-3 (Groundball, 56S, EV 92.5 MPH)
Batting: RHB Juan Bonilla 0-0: Called Strike
0-1: Ground out U3 (Groundball, 34S, EV 81.2 MPH)
Batting: LHB Hiroki Yamamoto 0-0: Ball
1-0: Ball
2-0: Called Strike
2-1: Foul Ball, location: 2F
2-2: Ball
3-2: Strikes out swinging
Bottom of the 5th over - 0 runs, 0 hits, 0 errors, 0 left on base; Hillsboro 2 - Eugene 0
TOP OF THE 6TH
Hillsboro Hops batting - Pitching for Eugene Emeralds : RHP Bobby Almonte
Batting: RHB Terry Jarrells 0-0: Ball
1-0: Ball
2-0: Called Strike
2-1: Foul Ball, location: 2F
2-2: Strikes out swinging
Batting: RHB Danny Loyola 0-0: Ball
1-0: Called Strike
1-1: SINGLE (Line Drive, 6MD, EV 101.2 MPH)
Batting: RHB Longfellow Wetzler 0-0: Ball
Danny Loyola steals 2nd, throwing error, E2
Danny Loyola to third
1-0: Ball
2-0: Ball
3-0: Called Strike
3-1: Base on Balls
Batting: RHB Sean Tanner 0-0: Called Strike
Longfellow Wetzler steals 2nd base
0-1: Ball
Passed Ball!
Danny Loyola scores
Longfellow Wetzler to third
1-1: Ground out 6-3 (Groundball, 6, EV 109.4 MPH)
Longfellow Wetzler scores
Batting: RHB Roberto Monzon 0-0: Foul Ball, location: 2F
0-1: Foul Ball, location: 2F
0-2: Ball
1-2: Ball
2-2: Ball
3-2: Fly out, F8 (Flyball, 8RXD, EV 75.0 MPH)
Top of the 6th over - 2 runs, 1 hit, 1 error, 0 left on base; Hillsboro 4 - Eugene 0
BOTTOM OF THE 6TH
Eugene Emeralds batting - Pitching for Hillsboro Hops : RHP Ricardo Villar
Batting: RHB Alvaro Romero 0-0: Ball
1-0: Ball
2-0: Foul Ball, location: 2F
2-1: Swinging Strike
2-2: Ball
3-2: Strikes out swinging
Batting: RHB Hugo Torrez 0-0: Called Strike
0-1: Ball
1-1: Called Strike
1-2: Strikes out swinging
Batting: RHB Bill Holmes 0-0: Called Strike
0-1: Foul Ball, location: 2F
0-2: Foul Ball, location: 2F
0-2: Foul Ball, location: 2F
0-2: SINGLE (Groundball, 6MD, EV 108.1 MPH)
Batting: RHB Roy Battist 0-0: Ball
1-0: Ball
2-0: Foul Ball, location: 2F
2-1: Foul Ball, location: 2F
2-2: Ball
3-2: SINGLE (Groundball, 34D, EV 101.9 MPH)
Bill Holmes to second
Bill Holmes to third
Batting: RHB Taylor Garofalo 0-0: Ball
Roy Battist is caught stealing 2nd base 2-4
Bottom of the 6th over - 0 runs, 2 hits, 0 errors, 1 left on base; Hillsboro 4 - Eugene 0
TOP OF THE 7TH
Hillsboro Hops batting - Pitching for Eugene Emeralds : RHP Bobby Almonte
Pitching: LHP Ricardo Saucedo
Batting: RHB Chris McGrath 0-0: SINGLE (Groundball, 4MD, EV 103.8 MPH)
Batting: RHB Ryuki Ogasawara 0-0: Ball
1-0: Sac Bunt to 2L - play at first, batter safe!
Chris McGrath to second
Batting: RHB Nelson Ozuna 0-0: SINGLE (Line Drive, 89S, EV 105.6 MPH)
Chris McGrath to third
Ryuki Ogasawara to second
Batting: RHB Dwane Reed 0-0: Ball
1-0: Foul Ball, location: 2F
1-1: Ball
2-1: Ball
3-1: Called Strike
3-2: Strikes out swinging
Batting: RHB Terry Jarrells 0-0: Ball
1-0: Ball
2-0: Ball
3-0: Base on Balls
Chris McGrath scores
Ryuki Ogasawara to third
Nelson Ozuna to second
Batting: RHB Danny Loyola 0-0: Ball
1-0: Fly out, F9 (Flyball, 9, EV 95.0 MPH)
Runner from 3rd tags up, OUT at HOME! 9-2
Top of the 7th over - 1 run, 3 hits, 0 errors, 2 left on base; Hillsboro 5 - Eugene 0
BOTTOM OF THE 7TH
Eugene Emeralds batting - Pitching for Hillsboro Hops : RHP Ricardo Villar
Batting: RHB Taylor Garofalo 0-0: Fly out, F7 (Flyball, 7LS, EV 73.8 MPH)
Batting: RHB Ryan Bush 0-0: Ball
1-0: Foul Ball, location: 2F
1-1: Called Strike
1-2: Ground out 5-3 (Groundball, 5, EV 100.0 MPH)
Batting: RHB Josh Burns 0-0: Ball
1-0: Ball
2-0: Ground out 5-3 (Groundball, 5, EV 89.4 MPH)
Bottom of the 7th over - 0 runs, 0 hits, 0 errors, 0 left on base; Hillsboro 5 - Eugene 0
TOP OF THE 8TH
Hillsboro Hops batting - Pitching for Eugene Emeralds : LHP Ricardo Saucedo
Batting: RHB Longfellow Wetzler 0-0: Ball
1-0: Ball
2-0: SINGLE (Groundball, 5S, EV 66.9 MPH) (infield hit)
Batting: RHB Sean Tanner 0-0: Called Strike
0-1: Called Strike
0-2: Ball
1-2: Grounds into double play, 6-4-3 (Groundball, 6, EV 88.1 MPH)
Batting: RHB Roberto Monzon 0-0: Ball
1-0: Called Strike
1-1: Ball
2-1: Swinging Strike
2-2: Strikes out swinging
Top of the 8th over - 0 runs, 1 hit, 0 errors, 0 left on base; Hillsboro 5 - Eugene 0
BOTTOM OF THE 8TH
Eugene Emeralds batting - Pitching for Hillsboro Hops : RHP Ricardo Villar
Batting: RHB Juan Bonilla 0-0: SINGLE (Groundball, 34D, EV 100.6 MPH)
Batting: LHB Hiroki Yamamoto 0-0: Ball
1-0: Foul Ball, location: 2F
1-1: Ball
2-1: Foul Ball, location: 2F
2-2: Grounds into double play, 5-4-3 (Groundball, 5S, EV 86.2 MPH)
Batting: RHB Alvaro Romero 0-0: Ball
1-0: Ball
2-0: Ball
3-0: Called Strike
3-1: Called Strike
3-2: SINGLE (Groundball, 6MD, EV 105.6 MPH)
Pitching: RHP Jake Priest
Batting: RHB Hugo Torrez Balk!
Alvaro Romero to second
0-0: Ball
1-0: Called Strike
1-1: SINGLE (Groundball, 34D, EV 98.8 MPH)
Alvaro Romero to third
Runner from 3rd tries for Home, SAFE, throw by RF to home
Batting: RHB Bill Holmes 0-0: Swinging Strike
0-1: Foul Ball, location: 2F
0-2: Ball
1-2: Strikes out swinging
Bottom of the 8th over - 1 run, 3 hits, 0 errors, 1 left on base; Hillsboro 5 - Eugene 1
TOP OF THE 9TH
Hillsboro Hops batting - Pitching for Eugene Emeralds : LHP Ricardo Saucedo
Batting: RHB Chris McGrath 0-0: Ball
1-0: Ball
2-0: Called Strike
2-1: Foul Ball, location: 2F
2-2: Ball
3-2: Ground out 5-3 (Groundball, 56S, EV 85.0 MPH)
Batting: RHB Ryuki Ogasawara 0-0: Foul Ball, location: 2F
0-1: SINGLE (Flyball, 3D, EV 91.9 MPH)
Pitching: LHP Eddie Panagos
Batting: RHB Nelson Ozuna 0-0: Ball
Ryuki Ogasawara steals 2nd, throwing error, E2
Ryuki Ogasawara to third
1-0: Ball
Steal of home, Ryuki Ogasawara is out
2-0: Ball
3-0: Base on Balls
Batting: RHB Dwane Reed 0-0: Ball
1-0: Ball
Nelson Ozuna steals 2nd base
2-0: Ball
3-0: Base on Balls
Batting: RHB Terry Jarrells 0-0: Ball
1-0: Fly out, F9 (Flyball, 89M, EV 93.1 MPH)
Top of the 9th over - 0 runs, 1 hit, 1 error, 2 left on base; Hillsboro 5 - Eugene 1
BOTTOM OF THE 9TH
Eugene Emeralds batting - Pitching for Hillsboro Hops : RHP Jake Priest
Now at 1B: Orlando Florez
Batting: RHB Roy Battist 0-0: Foul Ball, location: 2F
0-1: Called Strike
0-2: Foul Ball, location: 2F
0-2: Foul Ball, location: 2F
0-2: Strikes out swinging
Batting: RHB Taylor Garofalo 0-0: Fly out, F8 (Line Drive, 8RD, EV 98.1 MPH)
Batting: RHB Ryan Bush 0-0: Ball
1-0: Swinging Strike
1-1: Foul Ball, location: 2F
1-2: Ball
2-2: Ball
3-2: Foul Ball, location: 2F
3-2: Strikes out swinging
Bottom of the 9th over - 0 runs, 0 hits, 0 errors, 0 left on base; Hillsboro 5 - Eugene 1
Tuesday, March 28th , 2023 - OOTP Baseball 23.10 Build 110